 Dungeon Sprint DCSS version 0.21-a0-267-ga5fc350 (webtiles) character file.

2172 Glitchraptor the Basher (level 9, -6/76 HPs)
             Began as a Demonspawn Fighter on Sept 13, 2017.
             Was an Elder of Makhleb.
             Mangled by an Executioner (17 damage)
             ... summoned by the player character
             ... in the Dungeon (Sprint IX: "|||||||||||||||||||||||||||||").
             The game lasted 00:03:44 (538 turns).

Glitchraptor the Basher (Demonspawn Fighter)         Turns: 538, Time: 00:03:45

Health: -6/76      AC: 15    Str: 21    XL:     9   Next: 11%
Magic:  11/11      EV:  9    Int: 10    God:    Makhleb [****..]
Gold:   0          SH: 14    Dex: 21    Spells: 8/8 levels left

rFire    . . .     SeeInvis .   q - +4 morningstar (crush)
rCold    + . .     Gourm    .   c - +2 shield
rNeg     . . .     Faith    .   s - +1 chain mail
rPois    .         Spirit   .   (helmet restricted)
rElec    .         Reflect  .   (no cloak)
rCorr    .         Harm     .   a - +2 pair of gloves
MR       .....     NoTele   +   (no boots)
Stlth    ..........             (no amulet)
HPRegen  0.22/turn              b - +3 ring of strength
MPRegen  0.12/turn              t - +3 ring of dexterity

@: very slightly contaminated
A: horns 1, talons 2, agile 1, cold resistance 1, mutation resistance 1, powered
by death 1, strong 1, freezing cloud immunity
a: Minor Destruction, Lesser Servant of Makhleb, Major Destruction, Renounce
Religion


You were in the Dungeon.
You worshipped Makhleb.
Makhleb was greatly pleased with you.
You were not hungry.

You visited 1 branch

Inventory:

Hand Weapons
 q - a +4 morningstar of crushing (weapon)
Armour
 a - a +2 pair of gloves (worn)
 c - a +2 shield (worn)
 s - a +1 chain mail (worn)
Jewellery
 b - a +3 ring of strength (left hand)
 t - a +3 ring of dexterity (right hand)
Wands
 p - a wand of acid (7/15)
Scrolls
 k - a scroll of blinking
 n - 4 scrolls of remove curse
 o - 2 scrolls of amnesia
 r - 2 scrolls of identify
Potions
 d - a potion of might
 e - 8 potions of curing
 g - 2 potions of heal wounds
 h - a potion of haste
 i - 4 potions of magic
 l - a potion of brilliance
 m - a potion of invisibility
Comestibles
 f - a bread ration
 j - 13 chunks of flesh


   Skills:
 + Level 9.1 Fighting
 + Level 12.2 Maces & Flails
 + Level 7.8 Armour
 + Level 4.0 Dodging
 + Level 9.1 Shields
 + Level 3.4 Invocations


You had 8 spell levels left.
You didn't know any spells.

Dungeon Overview and Level Annotations

Branches:
Dungeon (1/1)

Altars:
Cheibriados
Dithmenos
Elyvilon
Fedhas
Gozag
Hepliaklqana
Kikubaaqudgha
Makhleb
Nemelex Xobeh
Okawaru
Qazlal
Ru
Sif Muna
Trog
Uskayaw
Vehumet
Wu Jian
Xom
Yredelemnul
Zin
The Shining One
Beogh
Jiyva
Lugonu


Innate Abilities, Weirdness & Mutations

You have razor-sharp toenails.
Your flesh is cold resistant. (rC+)
You regenerate a little health from kills.
You are immune to freezing clouds.
You have a pair of small horns on your head.
You are agile. (Dex +2)
You are somewhat resistant to further mutation.
Your muscles are strong. (Str +2)


Message History

The Executioner hits you. You block the Executioner's attack.
Blink to where?
Press: ? - help, Dir - move target cursor, p - death yak You are very lightly contaminated with residual magic.
As you read the scroll of blinking, it crumbles to dust.
The Executioner gestures.
The Executioner seems to speed up.
The Executioner gestures at you. Pain shoots through your body!
* * * LOW HITPOINT WARNING * * *
The Executioner hits you but does no damage.
The Executioner completely misses you. x2
The Executioner gestures at you. Pain shoots through your body!
* * * LOW HITPOINT WARNING * * *
The Executioner closely misses you. You block the Executioner's attack.
The Executioner hits you.
* * * LOW HITPOINT WARNING * * *
The Executioner hits you!
You die...

▓▓▓▓▓▓▓▓▓▓▓▓▓▓▓▓▓▓▓▓▓▓▓▓▓▓▓▓▓▓▓▓▓
<...).....).....'________________
▓▓▓▓▓▓▓▓▓▓▓▓▓▓▓▓▓▓▓▓▓▓▓▓▓▓▓▓▓▓▓▓▓
.................................
.▓▓▓▓▓▓▓▓▓▓▓▓▓▓▓▓▓▓▓▓▓▓▓▓▓▓▓▓▓▓▓▓
.......'.[....[[@1...%..Y....÷lFl
▓▓▓▓▓▓▓▓▓▓▓▓▓▓▓▓▓▓▓▓▓▓▓▓▓▓▓▓▓▓▓▓▓


You could see an Executioner.

Vanquished Creatures
  A black mamba (D)
  A blink frog (D)
  A hippogriff (D)
  A water moccasin (D)
  2 porcupines (D)
  An orc warrior (D)
  A sky beast (D)
  An ice beast (D)
  A phantom (D)
  A centaur (D)
  2 crocodiles (D)
  A big kobold (D)
  2 bullfrogs (D)
  A wight (D)
  A howler monkey (D)
  3 crimson imps (D)
  A hound (D)
  An ooze (D)
  A worm (D)
  An orc (D)
  2 bats (D)
  A kobold (D)
  A quokka zombie (D)
  A rat (D)
30 creatures vanquished.

Vanquished Creatures (collateral kills)
  A hippogriff (D)
1 creature vanquished.

Grand Total: 31 creatures vanquished

Notes
Turn   | Place    | Note
-------+----------+-------------------------------------------
     0 | D        | Glitchraptor the Demonspawn Fighter began the quest for the Orb.
     0 | D        | Reached XP level 1. HP: 18/18 MP: 1/1
    17 | D        | Reached skill level 2 in Maces & Flails
    20 | D        | Gained mutation: You have sharp toenails. [demonic ancestry]
    20 | D        | Reached XP level 2. HP: 23/24 MP: 2/2
    33 | D        | Noticed a crimson imp
    33 | D        | Noticed a crimson imp
    35 | D        | Killed a crimson imp
    35 | D        | Reached skill level 3 in Maces & Flails
    35 | D        | Gained mutation: Your flesh is cold resistant. (rC+) [demonic ancestry]
    35 | D        | Reached XP level 3. HP: 31/31 MP: 3/3
    53 | D        | Reached skill level 4 in Maces & Flails
    53 | D        | Gained mutation: You are immune to freezing clouds. [demonic ancestry]
    53 | D        | Reached XP level 4. HP: 30/38 MP: 4/4
    80 | D        | Reached skill level 5 in Fighting
    80 | D        | Reached skill level 5 in Shields
   165 | D        | Found a roughly hewn altar of Beogh.
   165 | D        | Found a snail-covered altar of Cheibriados.
   165 | D        | Found a shadowy altar of Dithmenos.
   165 | D        | Found a white marble altar of Elyvilon.
   165 | D        | Found a blossoming altar of Fedhas.
   165 | D        | Found an opulent altar of Gozag.
   166 | D        | Found a hazy altar of Hepliaklqana.
   167 | D        | Found a viscous altar of Jiyva.
   168 | D        | Found an ancient bone altar of Kikubaaqudgha.
   169 | D        | Found a corrupted altar of Lugonu.
   170 | D        | Found a burning altar of Makhleb.
   171 | D        | Found a sparkling altar of Nemelex Xobeh.
   172 | D        | Found an iron altar of Okawaru.
   173 | D        | Found a stormy altar of Qazlal.
   174 | D        | Found a sacrificial altar of Ru.
   175 | D        | Found a deep blue altar of Sif Muna.
   176 | D        | Found a bloodstained altar of Trog.
   177 | D        | Found a hide-covered altar of Uskayaw.
   178 | D        | Became a worshipper of Makhleb the Destroyer
   179 | D        | Found a radiant altar of Vehumet.
   180 | D        | Found an ornate altar of the Wu Jian Council.
   181 | D        | Found a shimmering altar of Xom.
   182 | D        | Found a basalt altar of Yredelemnul.
   183 | D        | Found a glowing silver altar of Zin.
   184 | D        | Found a glowing golden altar of the Shining One.
   237 | D        | Noticed an ice beast
   237 | D        | Noticed a hippogriff
   237 | D        | Noticed an orc warrior
   237 | D        | Noticed a bullfrog
   242 | D        | Killed an ice beast
   242 | D        | Reached skill level 5 in Maces & Flails
   242 | D        | Reached skill level 5 in Armour
   242 | D        | Reached skill level 1 in Dodging
   242 | D        | Reached XP level 5. HP: 46/46 MP: 5/5
   247 | D        | Killed a hippogriff
   247 | D        | Reached skill level 7 in Maces & Flails
   247 | D        | Gained mutation: You regenerate a little health from kills. [demonic ancestry]
   247 | D        | Reached XP level 6. HP: 53/53 MP: 6/6
   248 | D        | Reached * piety under Makhleb
   256 | D        | Killed an orc warrior
   256 | D        | Reached skill level 8 in Maces & Flails
   256 | D        | Gained mutation: You have razor-sharp toenails. [demonic ancestry]
   256 | D        | Reached XP level 7. HP: 28/59 MP: 7/7
   268 | D        | Reached ** piety under Makhleb
   302 | D        | Reached skill level 9 in Maces & Flails
   307 | D        | Reached *** piety under Makhleb
   308 | D        | Reached skill level 1 in Invocations
   313 | D        | Reached skill level 10 in Maces & Flails
   320 | D        | Gained mutation: You expend magic power (3 MP) to strengthen your wands. [mutagenic meat]
   416 | D        | Lost mutation: You expend magic power (3 MP) to strengthen your wands. [potion of mutation]
   416 | D        | Gained mutation: You are agile. (Dex +2) [potion of mutation]
   416 | D        | Gained mutation: You are somewhat resistant to further mutation. [potion of mutation]
   416 | D        | Gained mutation: You have a pair of small horns on your head. [potion of mutation]
   416 | D        | Gained mutation: Your muscles are strong. (Str +2) [potion of mutation]
   444 | D        | Noticed a hippogriff
   444 | D        | Noticed a blink frog
   444 | D        | Noticed a black mamba
   449 | D        | Killed a hippogriff
   449 | D        | Reached XP level 8. HP: 68/68 MP: 7/9
   452 | D        | Reached **** piety under Makhleb
   461 | D        | Reached skill level 11 in Maces & Flails
   470 | D        | Killed a black mamba
   475 | D        | Reached ***** piety under Makhleb
   475 | D        | Reached XP level 9. HP: 75/75 MP: 9/11
   491 | D        | Reached skill level 12 in Maces & Flails
   519 | D        | Noticed a komodo dragon
   520 | D        | Noticed a death yak
   530 | D        | Noticed an Executioner
   538 | D        | Mangled by an Executioner

Vault maps used:
D:        linesprint

Skill      XL: |  1  2  3  4  5  6  7  8  9 |
---------------+----------------------------+-----
Armour         | 3 4 5 6 7 |  7.8
Shields        | 3 4 6 7 8 9 |  9.1
Maces & Flails | 2 3 4 5 7 8 10 11 12 | 12.2
Fighting       | 4 5 6 7 8 9 |  9.1
Dodging        | 1 2 3 4 |  4.0
Invocations    | 1 3 |  3.4

Action                   |  1- 3 |  4- 6 |  7- 9 || total
-------------------------+-------+-------+-------++-------
Melee: Flail             |    36 |    17 |       ||    53
       Kick              |     5 |     8 |    27 ||    40
       Morningstar       |       |    17 |    63 ||    80
       Headbutt          |       |       |     8 ||     8
Invok: Minor Destruction |       |       |     1 ||     1
       Lesser Servant of |       |       |     1 ||     1
       Major Destruction |       |       |     1 ||     1
       Greater Servant o |       |       |     1 ||     1
  Use: Potion            |       |     1 |     2 ||     3
       Scroll            |       |       |     7 ||     7
  Eat: Chunk             |       |       |     1 ||     1
Armor: Scale mail        |    15 |     7 |       ||    22
       Chain mail        |       |     4 |    30 ||    34
Dodge: Dodged            |    14 |     5 |    23 ||    42
Block: Shield            |    24 |    18 |    33 ||    75

Table legend:
 A = Spawn XP
 B = Non-spawn XP
 C = Spawn XP percentage of total XP
 D = Spawn monster count
 E = Non-spawn monster count
 F = Spawn count percentage of total count
 G = Total turns spent on level
                    A         B        C        D         E        F      G
               +---------+---------+-------+---------+---------+-------+---------
         Total |       0 |    3104 |   0.0 |       0 |      31 |   0.0 |   538
               +---------+---------+-------+---------+---------+-------+---------
             D |       0 |    3104 |   0.0 |       0 |      31 |   0.0 |   538
               +---------+---------+-------+---------+---------+-------+---------
